 Dungeon Crawl Stone Soup version 0.31-a0-986-g5e6e4ef867 (webtiles) character file.

Game seed: 791765593061338539

121 wildpjah the Slasher (level 5, -3/31 HPs)
             Began as a Tengu Gladiator on Nov 20, 2023.
             Killed from afar by an orc wizard (7 damage)
             ... with a magic dart
             ... on level 3 of the Dungeon.
             The game lasted 00:03:42 (1787 turns).

wildpjah the Slasher (Tengu Gladiator)              Turns: 1787, Time: 00:03:43

Health: -3/31      AC:  3    Str: 14    XL:     5   Next: 5%
Magic:  6/6        EV: 13    Int:  8    God:
Gold:   121        SH:  0    Dex: 18    Spells: 4/4 levels left

rFire   + . .        f - +0 short sword (speed)
rCold   x . .        (no shield)
rNeg    . . .        b - +0 leather armour
rPois   .            c - +0 hat
rElec   .            (no cloak)
rCorr   .            (no gloves)
SInv    .            (boots unavailable)
Will    .....        (no amulet)
Stlth   +            g - ring of fire
HPRegen 0.25/turn    (no ring)
MPRegen 0.10/turn

%: acrobat
@: confused
A: beak, talons 3, acrobatic
a: no special abilities


You were on level 3 of the Dungeon.
You visited 1 branch of the dungeon, and saw 3 of its levels.

You collected 121 gold pieces.

Inventory:

Hand Weapons
 a - a +0 long sword
 f - a +0 short sword of speed (weapon)
Missiles
 d - 3 throwing nets (quivered)
 e - a javelin
Armour
 b - a +0 leather armour (worn)
 c - a +0 hat (worn)
Magical Staves
 j - the staff of Bread {rC+ Str+5 Dex-3 SInv Conj Ice}
   (You found it on level 2 of the Dungeon)

   [staff of cold]

   Base accuracy: +5 Base damage: 5 Base attack delay: 1.2 This weapon's minimum
   attack delay (0.6) is reached at skill level 12.
   Str+5:     It affects your strength (+5).
   Dex-3:     It affects your dexterity (-3).
   rC+:       It protects you from cold.
   SInv:      It lets you see invisible.
   Conj:      It increases the power of your Conjurations spells.
   Ice:       It increases the power of your Ice spells.
   It falls into the 'Staves' category.
   It is a one-handed weapon.
Jewellery
 g - a ring of fire (left hand)
Scrolls
 h - a scroll of vulnerability {unknown}
 i - 2 scrolls of enchant armour {unknown}
 k - a scroll of noise {unknown}
 l - a scroll of fear {unknown}
 m - a scroll of identify {unknown}
 n - a scroll of revelation {unknown}
 o - a scroll of acquirement {unknown}


   Skills:
 + Level 2.7 Fighting
 + Level 4.8 Long Blades
 + Level 2.1 Throwing
 + Level 1.3 Armour
 + Level 4.0 Dodging
 + Level 0.1 Stealth


You had 4 spell levels left.
You didn't know any spells.
Your spell library contained the following spells:

 Spells                   Type           Power      Damage    Failure   Level
 Necrotise                Necr           0%         1d4       47%         1
 Call Canine Familiar     Summ           0%         N/A       85%         3
 Sigil of Binding         Hex            0%         N/A       85%         3
 Vampiric Draining        Necr           0%         2d6       85%         3
 Dimensional Bullseye     Hex/Tloc       0%         N/A       99%         4
 Leda's Liquefaction      Hex/Erth       0%         N/A       99%         4
 Agony                    Necr           0%         N/A       100%        5


Dungeon Overview and Level Annotations

Branches:
Dungeon (3/15)

Altars:

Shops:
D:1 [


Innate Abilities, Weirdness & Mutations

You have a beak for a mouth.
You have claws for feet.
You can magically evade attacks while moving or waiting.


Message History

Something hits you but does no damage. The adder bites you but does no damage.
You bump into the rock wall.
The adder bites you.
* * * LOW HITPOINT WARNING * * *
Something hits you but does no damage.
You bump into the rock wall.
The adder closely misses you. Something hits you but does no damage.
The adder misses you.
You feel less confused. The adder attacks as it pursues you!
The adder completely misses you.
A frilled lizard comes into view.
You closely miss the adder.
The frilled lizard hisses angrily.
You peck the adder.
The adder is almost dead.
The adder misses you.
You hit the adder. You peck the adder.
You kill the adder!
Something hits you.
* * * LOW HITPOINT WARNING * * *
You have reached level 5!
Something hits you but does no damage.
The frilled lizard attacks as it pursues you!
The frilled lizard bites you.
* * * LOW HITPOINT WARNING * * *
You hear some strange, mumbled words.
You are confused.
You bump into the rock wall.
The frilled lizard bites you but does no damage.
Something hits you but does no damage.
The frilled lizard attacks as it pursues you!
The frilled lizard misses you. Something hits you but does no damage.
You bump into the rock wall.
The frilled lizard bites you but does no damage.
Something hits you but does no damage.
You closely miss the frilled lizard. Your kick misses the frilled lizard.
The frilled lizard misses you.
You miss something. Your kick misses something. Your peck misses something.
You hear some strange, mumbled words.
A magic dart appears from out of thin air!
The magic dart hits you!
You die...

###.....[ ##...........$ ##
##............ .#
####............. .#
##.......).......# .#
<.........####...# .#
##.#)#...#####...# .#
..)#.##.###.###..####.#####.
.#.#.##.##.#.##.@l..........
.###.##.#.#......{...##.####
.# #.##.##)..###†###.# .#
#........## #.# .#.# ≈#
#######.## #.. # #.. ≈# #.#
...# #.. ## #.# .... ..# #.#
...... ... #.# ...... ##


You could see a frilled lizard.

Vanquished Creatures
  An orc wizard (D:3)
  4 adders
  A worm (D:2)
  4 orcs (D:3)
  5 ball pythons
  4 endoplasms
  A giant cockroach (D:1)
  5 goblins
  7 hobgoblins
  2 quokkas
  4 bats
  A frilled lizard (D:2)
  7 kobolds
  6 rats
52 creatures vanquished.

Notes
Turn   | Place    | Note
-------+----------+-------------------------------------------
     0 | D:1      | wildpjah the Tengu Gladiator began the quest for the Orb.
     0 | D:1      | Reached XP level 1. HP: 12/12 MP: 2/2
   197 | D:1      | Found Usousug's Antique Armour Shop.
   244 | D:1      | Reached XP level 2. HP: 14/17 MP: 3/3
   779 | D:2      | Identified the staff of Bread {rC+ Str+5 Dex-3 SInv Conj
                  | Ice}
   832 | D:2      | Reached XP level 3. HP: 18/21 MP: 4/4
  1227 | D:2      | Reached XP level 4. HP: 27/27 MP: 5/5
  1629 | D:3      | Reached skill level 1 in Armour
  1780 | D:3      | Reached XP level 5. HP: 4/31 MP: 6/6
  1787 | D:3      | Killed from afar by an orc wizard

Illustrated notes

Levels and vault maps discovered:
D:1:      lemuel_arrival_hallway, layout_loops_cross, serial_shops, shop,
          chequers_hall_statues_corner_a
D:2:      layout_basic, grunt_ministairs_8
D:3:      layout_loops_ring, marbit_many_paths,
          chequers_temple_overflow_minitemple, minmay_goblin_outpost

Skill      XL: |  1  2  3  4 |
---------------+-------------+-----
Long Blades    | 4 |  4.8
Armour         | 1 |  1.3
Dodging        | 4 |  4.0
Fighting       | |  2.7
Throwing       | |  2.1
Stealth        | |  0.1

Action                     |  1- 3 |  4- 6 || total
---------------------------+-------+-------++-------
  Melee: Long sword        |    74 |    52 ||   126
         Kick              |    14 |    13 ||    27
         Peck              |     8 |    11 ||    19
         Short sword       |       |     4 ||     4
   Stab: Sleeping          |       |     1 ||     1
 Armour: Leather armour    |    31 |    50 ||    81
  Dodge: Dodged            |    68 |    65 ||   133

Table legend: (Time is in decaauts)
 A = Elapsed time spent in this place.
 B = Non-inter-level travel time spent in this place.
 C = Inter-level travel time spent in this place.
 D = Time resting spent in this place.
 E = Time spent auto-exploring this place.
 F = Levels seen in this place.
 G = Mean time per level.
                   A        B        C        D        E       F      G
               +--------+--------+--------+--------+--------+-----+--------+
         Total |   1808 |   1765 |     43 |      0 |   1410 |   3 |  602.7 |
       Dungeon |   1808 |   1765 |     43 |      0 |   1410 |   3 |  602.7 |
               +--------+--------+--------+--------+--------+-----+--------+

Top non-repeatable levels by time:
     D:2: 849 daAuts
     D:1: 688 daAuts
     D:3: 270 daAuts
